AoeStats
← Mr. Penis

African Clearing

504714807Analyzed
4v4 RM · 25d ago on Sep 6, 2026· 37m 46s· 8 players
Game mode
Random Map
Map size
Large (8 player)
Population
200
Speed
Normal
Resources
Standard
Victory
Conquest
Starting age
Dark Age
Ending age
Imperial Age
RankedLock teamsTeams togetherTeam positionsShared explorationLock speedFull tech treeHidden civsTurbo modeCheats
Victory
Defeat
🇮🇳 Franks · India
1171
+18
🇨🇳 Magyars · China
1161
+18
🇯🇵 Burmese · Japan
1143
+19
🇭🇰 Cumans · Hong Kong SAR China
1086
+21
🇺🇦 Ethiopians · Ukraine
1286
-22
🇦🇺 Huns · Australia
1281
-23
🇷🇺 Jurchens · Russia
1160
-17
🇨🇳 Armenians · China
1078
-14
nikhdy
6:37 Loom
14:00 Feudal Age
14:51 Double-Bit Axe
35:38 Castle Age
笑春风
5:05 Loom
13:30 Feudal Age
14:46 Double-Bit Axe
15:16 Town Watch
17:34 Castle Age
16:50 Fletching
17:06 Scale Barding Armor
16:44 Horse Collar
18:18 Wheelbarrow
18:58 Bow Saw
28:06 Gold Mining
32:28 Imperial Age
30:09 Stone Mining
30:24 Town Watch
31:00 Chain Barding Armor
32:12 Coinage
32:30 Bloodlines
32:40 Cavalier
33:21 Husbandry
34:10 Conscription
34:42 Hand Cart
35:42 Plate Barding Armor
36:04 Heavy Plow
36:42 Paladin
38:34 Gold Shaft Mining
peace for the world
6:09 Loom
14:07 Feudal Age
18:07 Castle Age
17:32 Horse Collar
17:46 Fishing Lines
19:45 Wheelbarrow
19:23 Heavy Plow
21:06 Gillnets
25:29 Hand Cart
30:49 Imperial Age
28:26 Scale Mail Armor
29:12 Forging
28:27 Pikeman
28:54 Arson
29:58 Squires
30:18 Chain Mail Armor
30:41 Iron Casting
30:52 Halberdier
32:32 Plate Mail Armor
34:35 Blast Furnace
vic163001
12:15 Feudal Age
13:25 Double-Bit Axe
14:25 Loom
15:22 Horse Collar
17:43 Town Watch
21:34 Castle Age
20:27 Bloodlines
20:24 Scale Barding Armor
20:23 Fletching
20:41 Scale Barding Armor
24:14 Forging
32:11 Wheelbarrow
37:21 Hand Cart
37:18 Bow Saw
Skyle
6:29 Loom
6:50 Loom
11:17 Loom
13:21 Feudal Age
19:26 Castle Age
17:58 Fletching
18:24 Double-Bit Axe
18:20 Horse Collar
20:28 Bow Saw
25:14 Heavy Plow
28:31 Wheelbarrow
27:52 Crossbowman
29:42 Gold Mining
29:42 Stone Mining
30:13 Bodkin Arrow
31:54 Hand Cart
31:26 Town Watch
32:23 Padded Archer Armor
33:09 Forging
33:35 Town Patrol
34:50 Royal Heirs
35:39 Ballistics
38:35 Imperial Age
36:22 Squires
37:01 Leather Archer Armor
37:22 Iron Casting
36:47 Scale Mail Armor
37:36 Thumb Ring
Mr. Penis
14:50 Feudal Age
16:16 Double-Bit Axe
16:22 Horse Collar
19:27 Castle Age
19:21 Loom
20:51 Husbandry
26:18 Wheelbarrow
28:27 Bloodlines
30:51 Bow Saw
33:41 Town Watch
34:15 Hand Cart
34:19 Scale Barding Armor
37:18 Heavy Plow
ZHurald ZHurdrada
6:57 Loom
16:52 Feudal Age
16:57 Man-at-Arms
17:57 Long Swordsman
18:36 Arson
19:16 Scale Mail Armor
19:26 Forging
19:12 Horse Collar
20:29 Fletching
22:56 Pikeman
citrusspecialist
3:31 Loom
12:22 Feudal Age
14:16 Double-Bit Axe
15:23 Bloodlines
21:20 Horse Collar
23:44 Castle Age
23:14 Scale Barding Armor
23:20 Forging
24:29 Husbandry
25:41 Wheelbarrow
25:32 Bow Saw
27:12 Town Watch
28:18 Chain Barding Armor
33:45 Heavy Plow
35:24 Iron Casting
39:48 Imperial Age
37:25 Gold Mining
Connection lost

Rejoining the realm…

Still unreachable

The connection could not be restored.

Session expired

The server has moved on; the page needs a fresh start.